Cogmind - Beta 17 @@@ ROGUE MODE // 2026.07.24 @ 14:16:44 Player: Lazz Result: Destroyed by H-71 Marshal with Heavy Mass Driver Performance ------------- Evolutions (7) 3500 Regions Visited (13) 2600 Robots Destroyed (101) 505 Value Destroyed (3508) 3508 Prototype IDs (28) 560 Alien Tech Used (0) 0 Bonus (320) 320 TOTAL SCORE: 10993 Bonus ------- Follower Combat Kills 20 Aligned with FarCom 300 Cogmind --------- Core Integrity 0/1300 Matter 268/300 Energy 98/100 System Corruption 23% Temperature Cool (0) Movement Core (50) Location -3/Research Parts ------- > --- POWER (3) -------- (None) > --- PROPULSION (6) --- (None) > --- UTILITY (8) ------ (None) > --- WEAPON (4) ------- (None) > --- INVENTORY (5) ---- Medium Storage Unit Superbattery (269) Advanced Signal Interpreter Advanced Remote Force Field Peak State ------------ > --- POWER ------------ Neutrino Core Micro Fission Core > --- PROPULSION ------- Flexi-carbon Leg Flexi-carbon Leg Myomer Leg Enhanced Biometal Leg Impulse Thruster > --- UTILITY ---------- Advanced Heat Sink Advanced Cooling System Medium Storage Unit Superbattery Quantum Capacitor Advanced Remote Force Field Advanced System Shield > --- WEAPON ----------- Long-range Proton Cannon Disruptor Cannon Powered Hammer > --- INVENTORY -------- Field Propulsion Array Q-thruster Advanced Cryofiber Web Advanced Heat Sink Large Storage Unit Advanced Signal Interpreter Advanced Focal Shield [Rating: 115] Favorites ----------- Power Heavy Ion Engine Engine Heavy Ion Engine Power Core Light Nuclear Core Reactor Light Antimatter Reactor Propulsion Advanced Treads Treads Advanced Treads Leg Aluminum Leg Wheel Armored Huge Wheel Hover Unit Antigrav System Flight Unit Impulse Thruster Utility Structural Scanner Device Structural Scanner Storage Large Storage Unit Processor Advanced Salvage Targeting Computer Hackware Advanced System Shield Protection Improved Light Armor Plating Weapon Flak Cannon Energy Gun Heavy Beamcaster Energy Cannon Particle Cannon Ballistic Gun Light Assault Rifle Ballistic Cannon Flak Cannon Launcher Proton Missile Launcher Special Weapon Welding Torch Impact Weapon Powered Hammer Build | -11 -10 -10 -10 -9 -8 -7 -7 -7 -6 -5 -4 -4 -3 ------- Run | Yrd Mat Min Exi Min Mat Fac Low Low Fac Fac Fac Ext Res Slots Evolved 14 | . . . . . 4 2 . . 2 2 2 . 2 Power 2 | . . . . . 1 . . . . . . . 1 Propulsion 4 | . . . . . 2 1 . . . . 1 . . Utility 6 | . . . . . 1 1 . . 1 1 1 . 1 Weapon 2 | . . . . . . . . . 1 1 . . . Parts Attached 145 | 6 17 1 1 1 19 8 1 4 8 19 17 30 13 Power 21 | 1 4 . . . 4 1 . . 2 1 3 4 1 Engine 12 | 1 4 . . . 4 . . . 2 . 1 . . Core 8 | . . . . . . 1 . . . 1 2 4 . Reactor 1 | . . . . . . . . . . . . . 1 Propulsion 37 | 2 7 1 . . 7 2 . . 1 3 4 7 3 Treads 10 | . . . . . 4 2 . . 1 . . 3 . Leg 18 | 2 7 1 . . 3 . . . . 1 . 3 1 Wheel 4 | . . . . . . . . . . . 4 . . Hover 2 | . . . . . . . . . . 2 . . . Flight 3 | . . . . . . . . . . . . 1 2 Utility 55 | 1 3 . 1 . 6 3 1 1 3 9 8 12 7 Device 27 | . 2 . . . 2 2 . . 3 4 5 4 5 Storage 10 | 1 1 . 1 . 1 . . . . . 3 1 2 Processor 3 | . . . . . . . . . . 3 . . . Hackware 4 | . . . . . . . 1 . . 2 . 1 . Protection 11 | . . . . . 3 1 . 1 . . . 6 . Artifact . | . . . . . . . . . . . . . . Weapon 32 | 2 3 . . 1 2 2 . 3 2 6 2 7 2 Energy Gun 6 | . . . . . . . . . . . 2 4 . Energy Cannon 7 | . 2 . . . . . . . 2 1 . . 2 Ballistic Gun 3 | 2 . . . 1 . . . . . . . . . Ballistic Cannon 10 | . . . . . 2 . . 1 . 5 . 2 . Launcher 2 | . . . . . . . . 2 . . . . . Special Weapon 1 | . 1 . . . . . . . . . . . . Impact Weapon 3 | . . . . . . 2 . . . . . 1 . Slashing Weapon . | . . . . . . . . . . . . . . Piercing Weapon . | . . . . . . . . . . . . . . Special Melee Weapon . | . . . . . . . . . . . . . . Unidentified Prototypes 5 | . 1 . . . . . . . . . 2 1 1 Parts Lost 68 | . 2 . . . 7 1 . 3 . 12 16 9 18 Power 10 | . . . . . 1 1 . . . 1 3 1 3 Propulsion 24 | . . . . . 4 . . . . 4 6 1 9 Utility 17 | . . . . . 1 . . 2 . 4 4 2 4 Weapon 17 | . 2 . . . 1 . . 1 . 3 3 5 2 Highest Loss Streak 13 | . 1 . . . 7 1 . 3 . 11 13 4 11 To Critical Strikes . | . . . . . . . . . . . . . . Average Backups 11 | . 7 14 15 15 14 17 20 19 18 13 4 4 6 Power . | . 1 2 2 2 1 1 1 1 1 . . . . Propulsion 1 | . 1 2 2 2 1 2 2 2 2 . . . 1 Utility 8 | . 4 10 10 10 9 10 12 12 12 9 4 4 4 Weapon 1 | . . . 1 1 1 4 5 4 3 2 . . . Tool/Special . | . . . . . . . . . . . . . . Unused Backups 22 | . . 1 2 . 3 1 . . . 9 2 . 4 Power 2 | . . 1 . . . . . . . 1 . . . Propulsion 1 | . . . . . . . . . . . . . 1 Utility 18 | . . . 2 . 2 1 . . . 8 2 . 3 Weapon 1 | . . . . . 1 . . . . . . . . Tool/Special . | . . . . . . . . . . . . . . Average Slot Usage (%) 87 | . 96 100 100 100 95 99 100 98 99 68 70 78 66 Engine 7 | . 14 14 14 14 15 9 7 7 11 3 . . . Core 2 | . . . . . . 4 7 7 1 2 2 5 7 Treads 14 | . . . . . 16 38 38 38 33 17 . 8 4 Leg 11 | . 28 28 28 28 17 . . . . . 4 9 12 Device 13 | . 12 14 14 14 10 14 15 13 19 14 11 9 13 Storage 7 | . 14 14 14 14 9 7 7 7 6 3 . . 5 Processor 2 | . . . . . . . . . . 2 10 7 2 Hackware 3 | . . . . . . . 5 6 . 1 9 7 5 Protection 2 | . . . . . 7 7 1 . 5 2 . 8 . Energy Gun 1 | . . . . . . . . . . . . 10 . Energy Cannon 6 | . 2 28 28 21 4 . . . 8 7 4 . 3 Ballistic Gun 3 | . 22 . . 6 4 . . . . . . . . Ballistic Cannon 4 | . . . . . 8 10 7 4 9 6 8 2 . Impact Weapon 1 | . . . . . . 3 7 . . 1 . 2 3 Peak Build Rating 115 | 6 13 13 14 16 31 42 42 45 54 68 88 102 115 Average Rating 42 | 5 7 13 13 14 26 38 41 41 49 46 73 76 86 On Entrance 30 | . 6 13 13 14 16 31 42 42 35 53 55 18 83 Avg Prop Armor Cover (%) 10 | . . . . . 6 . . . . 5 9 12 10 Naked Turns 173 | . . . . . . . . . . 155 . . 18 Heaviest Build 115 | 13 37 37 37 37 70 75 70 77 97 115 55 44 90 Greatest Support 110 | 20 20 20 20 20 88 110 110 110 110 108 64 65 95 Greatest Overweight (x) 7 | . 1 1 1 1 2 . . . . 2 4 7 1 Average Overweight (x) . | . . 1 1 1 . . . . . . . . . Largest Inventory Capacity 25 | 8 15 15 15 15 20 20 20 20 20 20 25 5 15 Average Capacity 14 | 7 14 15 15 15 16 20 20 20 20 14 5 5 13 Most Carried 20 | 1 15 15 15 15 20 20 20 20 20 20 5 5 12 Average Carried 12 | . 7 14 15 15 14 17 20 19 19 13 4 5 7 Final Capacity 20 | 8 15 15 15 15 20 20 20 20 20 5 5 5 5 Final Carried 20 | 1 15 15 15 15 19 20 20 19 20 4 5 5 4 Class Distribution -------------------- 59% | Mutant 12% | Tank 11% | Scavenger-Mutant 6% | Scavenger-Tank 6% | Hacker-Skirmisher Dominant Class ---------------- Mutant | -10/Materials Mutant | -10/Mines Mutant | -10/Exiles Mutant | -9/Mines Mutant | -8/Materials Mutant | -7/Factory Mutant | -7/Lower Caves Mutant | -7/Lower Caves Tank | -6/Factory Tank | -5/Factory Hacker-Skirmisher | -4/Factory Scavenger-Tank | -4/Extension Scavenger-Mutant | -3/Research Resources | -11 -10 -10 -10 -9 -8 -7 -7 -7 -6 -5 -4 -4 -3 ----------- Run | Yrd Mat Min Exi Min Mat Fac Low Low Fac Fac Fac Ext Res Matter Collected 3612 | 312 484 40 30 53 373 291 252 259 43 432 232 729 82 Remotely . | . . . . . . . . . . . . . . Salvage Created 4474 | 82 705 88 . 53 501 122 182 292 43 650 400 992 364 Parts 195 | 5 50 3 . 10 34 9 . 7 5 25 15 27 5 Haulers Intercepted 5 | . 1 . . . 3 1 . . . . . . . Recyclers Shooed 1 | . 1 . . . . . . . . . . . . Parts Field Recycled . | . . . . . . . . . . . . . . Retrieved Matter . | . . . . . . . . . . . . . . Parts Self-Destructed 4 | . . . . . . . . 4 . . . . . Prevented 2 | . . . . . . . . 2 . . . . . Parts Restored . | . . . . . . . . . . . . . . Kills | -11 -10 -10 -10 -9 -8 -7 -7 -7 -6 -5 -4 -4 -3 ------- Run | Yrd Mat Min Exi Min Mat Fac Low Low Fac Fac Fac Ext Res Combat Hostiles Destroyed 75 | . 14 2 . 4 9 5 . 6 1 10 4 16 4 Guns 29 | . 13 . . 3 3 . . . . . . 10 . Cannons 34 | . 1 2 . 1 6 5 . 3 1 6 4 5 . AOE 8 | . . . . . . . . 3 . 4 . 1 . Classes Destroyed 16 | 2 6 . . . 1 . 1 2 1 2 1 . . Worker 1 | . . . . . . . . . . . 1 . . Builder 4 | . 1 . . . . . . . . 1 1 . 1 Tunneler 1 | 1 . . . . . . . . . . . . . Hauler 5 | . 1 . . . 3 1 . . . . . . . Recycler 7 | 1 . . . . 1 . . . . 1 2 2 . Operator 3 | . 2 . . . . . . . . . . 1 . Watcher 5 | . 3 . . . . . . . . 1 1 . . Swarmer 26 | . 3 . . 4 3 4 . 1 . . 3 8 . Grunt 26 | . 11 2 . . 2 . . 3 . 3 . 3 2 Brawler 1 | . . . . . . . . 1 . . . . . Duelist 1 | . . . . . . . . 1 . . . . . Sentry 13 | . . . . . 4 1 . . . 2 1 5 . Hunter 4 | . . . . . . . . . . 2 . . 2 Programmer 3 | . . . . . . . . . 1 2 . . . Heavy 1 | . . . . . . . . . . 1 . . . Packrat 1 | . . . . . . . 1 . . . . . . Samaritan 3 | . . . . . . . 2 1 . . . . . Best Kill Streak 6 | 2 4 2 . 4 4 4 . 3 1 6 6 5 2 Combat Bots Only 6 | . 4 2 . 4 4 4 . 3 1 6 4 5 2 Max Kills in Single Turn 3 | 1 1 1 . 1 1 1 1 3 1 2 1 2 1 Gunslinging . | . . . . . . . . . . . . . . Exploded 3 | . . . . . . . . 3 . 2 . 1 . Melee . | . . . . . . . . . . . . . . Uniques/NPCs Destroyed . | . . . . . . . . . . . . . . Combat | -11 -10 -10 -10 -9 -8 -7 -7 -7 -6 -5 -4 -4 -3 -------- Run | Yrd Mat Min Exi Min Mat Fac Low Low Fac Fac Fac Ext Res Hostile Shots Fired 1119 | . 103 11 . 14 112 92 . 69 28 99 174 184 233 Missed 348 | . 34 4 . 7 15 19 . 22 10 25 56 59 97 Hits 771 | . 69 7 . 7 97 73 . 47 18 74 118 125 136 Melee 6 | . . . . . . . . 6 . . . . . Projectile 765 | . 69 7 . 7 97 73 . 41 18 74 118 125 136 AOE 1 | . . . . . . . . . . . 1 . . Critical Strikes 38 | . 1 . . . 7 . . 4 . 4 8 6 8 Part Disruptions 2 | . . . . . . . . . . 1 . . 1 Damage Taken 13322 | . 744 89 . 54 1427 611 . 802 107 1990 1869 2556 3073 Core 3259 | . 113 11 . 30 168 44 . 140 7 361 608 442 1335 Absorbed by Shields 1444 | . . . . . 100 270 . 112 47 214 501 12 188 Redirected to Shielding 85 | . . . . . . 85 . . . . . . . Ignored by Resistances 275 | . . . . . . . . . . . . 226 49 Core Remaining (%) 64 | 100 . . . 38 69 . . 73 99 63 . 8 . Volleys Fired 302 | 13 84 5 . 6 48 13 . 16 8 19 22 42 26 Largest 4 | 2 2 2 . 2 2 2 . 2 3 4 3 3 2 Hottest 229 | 40 40 136 . 101 101 74 . 75 172 229 176 227 162 Shots Fired 529 | 26 145 10 . 9 78 26 . 27 14 53 38 75 28 Gun 256 | 26 137 . . 6 31 . . . . . 3 53 . Cannon 253 | . . 10 . 3 47 26 . 21 14 47 35 22 28 Launcher 12 | . . . . . . . . 6 . 6 . . . Special 8 | . 8 . . . . . . . . . . . . Kinetic 341 | 26 137 . . 6 51 26 . 21 3 28 21 22 . Thermal 134 | . 8 10 . 3 27 . . . 4 12 17 53 . Explosive 3 | . . . . . . . . 1 . 2 . . . Electromagnetic 51 | . . . . . . . . 5 7 11 . . 28 Robot Hit Streak 16 | 6 11 5 . 4 7 10 . 5 6 16 11 7 4 Robot Miss Streak 15 | 3 3 1 . 1 7 9 . 14 2 4 15 2 2 Penetration Max . | . . . . . . . . . . . . . . Secondary Targets 2 | . . . . . . . . . . . . 2 . Max Gunslinging Chain 1 | . . . . . . . . . . . . 1 . Capacitor 23 | . . . . . . . . . . . . . 23 Shots Hit Robots 367 | 18 93 8 . 6 53 24 3 21 8 34 21 52 26 Core Hits 241 | 5 44 3 . 4 28 20 . 30 3 35 35 29 5 Critical Kills 1 | . 1 . . . . . . . . . . . . Critical Parts Destroyed 7 | . . . . . . . 1 1 . 1 . 1 3 Critical Strikes 15 | . 1 . . . . . 1 1 . 1 . 5 6 Burn 1 | . . . . . . . . . . . . 1 . Destroy 1 | . 1 . . . . . . . . . . . . Blast 3 | . . . . . . . . . . . . 3 . Corrupt 3 | . . . . . . . . . . . . . 3 Smash 7 | . . . . . . . 1 1 . 1 . 1 3 Melee Attacks 36 | . . . . . . 5 3 1 1 4 . 4 18 Impact 36 | . . . . . . 5 3 1 1 4 . 4 18 Slashing . | . . . . . . . . . . . . . . Piercing . | . . . . . . . . . . . . . . Sneak Attacks 9 | . . . . . . 1 3 1 . . . 3 1 Combat Hostiles . | . . . . . . . . . . . . . . Follow-up Attacks . | . . . . . . . . . . . . . . Damage Inflicted 9270 | 203 947 164 . 126 1141 371 256 854 131 1824 757 1704 792 Guns 2488 | 203 930 . . 85 443 . . . . . 80 747 . Cannons 4244 | . . 164 . 41 698 307 . 355 131 859 668 595 426 Explosions 1412 | . . . . . . . . 400 . 889 . 123 . Melee 1084 | . . . . . . 64 256 96 . 66 . 236 366 Ramming 25 | . . . . . . . . 3 . 10 9 3 . Kinetic 4268 | 203 930 . . 85 747 307 . 355 24 508 514 595 . Thermal 2062 | . 17 164 . 41 394 . . . 88 254 234 870 . Explosive 625 | . . . . . . . . 154 . 471 . . . Electromagnetic 1206 | . . . . . . . . 246 19 515 . . 426 Impact 1084 | . . . . . . 64 256 96 . 66 . 236 366 Slashing . | . . . . . . . . . . . . . . Piercing . | . . . . . . . . . . . . . . Highest Corruption 23 | . . . . . . . . 3 . 3 4 4 23 Average Corruption 4 | . . . . . . . . 3 . 2 1 4 17 Corruption Purged . | . . . . . . . . . . . . . . Corruption Blocked . | . . . . . . . . . . . . . . Effects 50 | . . . . . . . . 1 . 13 1 25 10 Message Errors 7 | . . . . . . . . . . 3 . 4 . Matter Fused 16 | . . . . . . . . . . 5 . 8 3 Heat Flow Errors 2 | . . . . . . . . . . . 1 1 . Energy Discharges 8 | . . . . . . . . . . 2 . 3 3 Parts Rejected 2 | . . . . . . . . . . . . 1 1 Parts Fused 1 | . . . . . . . . . . 1 . . . Data Loss (minor) 4 | . . . . . . . . . . 1 . 3 . Data Loss (major) 3 | . . . . . . . . . . . . 3 . Alerts 3 | . . . . . . . . 1 . 1 . 1 . Misdirections 3 | . . . . . . . . . . . . . 3 Weapon Failures 1 | . . . . . . . . . . . . 1 . Overload Shots . | . . . . . . . . . . . . . . Overflow Damage 845 | . . . . . 1 44 238 96 . 66 . 158 242 Projectiles 1 | . . . . . 1 . . . . . . . . Explosions 3 | . . . . . . . . . . . . 3 . Melee 841 | . . . . . . 44 238 96 . 66 . 155 242 Knockbacks 33 | . . . . . 5 6 . 4 2 2 9 5 . Impact 1 | . . . . . . . . . . . . 1 . Kinetic 30 | . . . . . 5 5 . 4 2 2 8 4 . Secondary 2 | . . . . . . 1 . . . . 1 . . Self-Inflicted Damage 79 | . . . . . . . . . . . 4 75 . Shots 1 | . . . . . . . . . . . . 1 . Rammed 12 | . . . . . . . . 1 . 1 2 7 1 Targets Rammed 13 | . . . . . . . . 1 . 2 2 7 1 Kicked . | . . . . . . . . . . . . . . Crushed 1 | . . . . . . . . . . 1 . . . Highest Temperature 370 | . 12 276 . 126 370 66 . 37 183 269 239 304 88 Average Temperature 86 | . 6 148 . 79 125 33 . 14 64 83 87 110 34 Received Heat Transfer 2231 | . 408 48 . . 668 101 . 238 20 97 89 417 145 Effects 9 | . . . . . 6 . . . . . . 3 . Energy Bleed 1 | . . . . . 1 . . . . . . . . Interference 7 | . . . . . 4 . . . . . . 3 . Matter Decay 1 | . . . . . 1 . . . . . . . . Siege Activations . | . . . . . . . . . . . . . . Martial Activations . | . . . . . . . . . . . . . . Shielding Activations . | . . . . . . . . . . . . . . Robots Disrupted . | . . . . . . . . . . . . . . Combat Hostiles . | . . . . . . . . . . . . . . Robots Corrupted 9 | . . . . . . . 1 1 . 2 . 1 4 Combat Hostiles 4 | . . . . . . . . . . . . . 4 Parts Fried 29 | . . . . . . 3 2 . . 6 . 6 12 Impact Corruptions 29 | . . . . . . 1 9 6 . 2 . 4 7 Robots Melted . | . . . . . . . . . . . . . . Combat Hostiles . | . . . . . . . . . . . . . . Parts Melted 6 | . . 2 . 1 . . . . . . . 3 . Heat Transferred 3332 | . 150 296 . 74 703 . . . 111 370 296 1332 . Parts Sabotaged . | . . . . . . . . . . . . . . Parts Stolen . | . . . . . . . . . . . . . . Parts Stripped . | . . . . . . . . . . . . . . Power Chain Reactions 1 | . . . . . . . . 1 . . . . . Alert | -11 -10 -10 -10 -9 -8 -7 -7 -7 -6 -5 -4 -4 -3 ------- Run | Yrd Mat Min Exi Min Mat Fac Low Low Fac Fac Fac Ext Res Maximum Alert Level . | . . . . . . . . . . . . . . Low Security (%) 100 | 100 100 100 . 100 100 100 . . 100 100 100 100 100 Level 1 . | . . . . . . . . . . . . . . Level 2 . | . . . . . . . . . . . . . . Level 3 . | . . . . . . . . . . . . . . Level 4 . | . . . . . . . . . . . . . . Level 5 . | . . . . . . . . . . . . . . High Security . | . . . . . . . . . . . . . . Max Security . | . . . . . . . . . . . . . . Peak Influence 191 | 5 151 61 . 92 100 70 . . 30 180 106 191 77 Initial 47 | . . 21 . . 16 2 . . 18 . 44 7 47 Average 38 | . 47 30 . 24 17 18 . . 2 64 13 92 16 Influence Increases 2814 | 10 423 50 . 92 323 159 . 200 46 455 245 563 248 Destroy 0b10 Robot/C 1520 | . 280 40 . 80 180 100 . 120 20 200 80 340 80 Destroy 0b10 Robot/NC 130 | 10 35 . . . 20 5 . . . 15 25 15 5 Destroy Leader 368 | . 78 10 . 10 66 20 . 20 10 62 22 50 20 Allied During Kill 7 | . . . . . . . . . . . . 7 . Successful Hack 86 | . . . . . 7 30 . . . 14 21 14 . Disable Machine 150 | . . . . . 30 . . . 15 60 . 30 15 Destroy Structure 148 | . . . . 2 5 4 . . 1 44 22 62 8 Partial Spotted 15 | . . . . . . . . . . 15 . . . Lose Combat Pursuer 390 | . 30 . . . 15 . . 60 . 45 75 45 120 Influence Decreases 2768 | 10 369 104 . 50 358 165 1 171 75 364 321 487 293 Entered New Map 175 | . . 33 . . 26 5 1 . 11 . 47 8 44 Time Decay 2075 | 10 349 71 . 50 262 150 . 144 64 244 172 379 180 Lost Part 478 | . 20 . . . 70 10 . 27 . 120 102 60 69 Lost Ally 40 | . . . . . . . . . . . . 40 . Squads Dispatched 19 | . 4 . . . . . . 1 2 9 1 1 1 Investigation 1 | . . . . . . . . . . 1 . . . Extermination 5 | . . . . . . . . . 2 1 1 . 1 Reinforcement 9 | . 4 . . . . . . . . 4 . 1 . Assault 1 | . . . . . . . . 1 . . . . . Garrison 3 | . . . . . . . . . . 3 . . . Intercept . | . . . . . . . . . . . . . . Searches Triggered . | . . . . . . . . . . . . . . Construction Impeded . | . . . . . . . . . . . . . . Haulers Reinforced . | . . . . . . . . . . . . . . Active Scanning Responses . | . . . . . . . . . . . . . . Cargo Convoy Interrupts 1 | . . . . . . . . . . 1 . . . Stealth | -11 -10 -10 -10 -9 -8 -7 -7 -7 -6 -5 -4 -4 -3 --------- Run | Yrd Mat Min Exi Min Mat Fac Low Low Fac Fac Fac Ext Res Distress Signals 10 | . . . . . 1 . . . . 2 2 3 2 Communications Jammed . | . . . . . . . . . . . . . . Distress Signals . | . . . . . . . . . . . . . . Times Spotted 175 | . 28 2 . 4 23 7 . 18 2 19 19 28 25 Peak Tracking Total 10 | . 4 2 . 4 7 4 . 9 1 7 8 7 10 Tactical Retreats 14 | . 1 . . . 1 . . 2 . 1 4 2 3 Traps | -11 -10 -10 -10 -9 -8 -7 -7 -7 -6 -5 -4 -4 -3 ------- Run | Yrd Mat Min Exi Min Mat Fac Low Low Fac Fac Fac Ext Res Traps Triggered 1 | . . . . . . . . . . . . 1 . Indirectly . | . . . . . . . . . . . . . . Trap Hack Attempts . | . . . . . . . . . . . . . . Triggered . | . . . . . . . . . . . . . . Disarmed . | . . . . . . . . . . . . . . Reprogrammed . | . . . . . . . . . . . . . . Reused . | . . . . . . . . . . . . . . Traps Extracted . | . . . . . . . . . . . . . . Installed . | . . . . . . . . . . . . . . Triggered . | . . . . . . . . . . . . . . Machines | -11 -10 -10 -10 -9 -8 -7 -7 -7 -6 -5 -4 -4 -3 ---------- Run | Yrd Mat Min Exi Min Mat Fac Low Low Fac Fac Fac Ext Res Machines Disabled 11 | . . . . . 2 . . . 1 4 . 3 1 Max in Single Turn 3 | . . . . . 1 . . . 1 3 . 2 1 Energy Cycler 2 | . . . . . . . . . . . . 2 . Machines Repaired . | . . . . . . . . . . . . . . Machines Dismantled . | . . . . . . . . . . . . . . Machines Sabotaged . | . . . . . . . . . . . . . . Overloaded Fab Kills . | . . . . . . . . . . . . . . Hacking | -11 -10 -10 -10 -9 -8 -7 -7 -7 -6 -5 -4 -4 -3 --------- Run | Yrd Mat Min Exi Min Mat Fac Low Low Fac Fac Fac Ext Res Machines Accessed 19 | . . . 1 . 3 3 . . 1 3 5 2 1 Terminals 13 | . . . . . 3 2 . . 1 1 4 2 . Fabricators . | . . . . . . . . . . . . . . Repair Stations 1 | . . . . . . . . . . . . . 1 Recycling Units 2 | . . . . . . . . . . 1 1 . . Scanalyzers 1 | . . . . . . 1 . . . . . . . Garrison Access 1 | . . . . . . . . . . 1 . . . Total Hacks 44 | . . . 1 . 6 8 . . 1 5 15 4 4 Successful 13 | . . . 1 . 3 3 . . . 1 3 2 . Failed 30 | . . . . . 3 4 . . 1 4 12 2 4 Catastrophic 7 | . . . . . . 2 . . . 3 . . 2 Database Lockouts 1 | . . . . . . 1 . . . . . . . Manual 12 | . . . 1 . 2 . . . 1 2 6 . . Terminals 28 | . . . . . 6 6 . . 1 2 9 4 . Fabricators . | . . . . . . . . . . . . . . Repair Stations 4 | . . . . . . . . . . . . . 4 Recycling Units 8 | . . . . . . . . . . 2 6 . . Scanalyzers 2 | . . . . . . 2 . . . . . . . Garrison Access 1 | . . . . . . . . . . 1 . . . Terminal Hacks 10 | . . . 1 . 3 2 . . . . 2 2 . Record 1 | . . . . . . . . . . . 1 . . Open Door 3 | . . . . . . . . . . . 1 2 . Branch Access Points 2 | . . . . . 1 1 . . . . . . . Hauler Manifests 1 | . . . . . 1 . . . . . . . . Zone Layout 2 | . . . . . 1 1 . . . . . . . Proto ID Catalog 1 | . . . 1 . . . . . . . . . . Fabricator Hacks . | . . . . . . . . . . . . . . Repair Station Hacks . | . . . . . . . . . . . . . . Recycling Unit Hacks . | . . . . . . . . . . . . . . Scanalyzer 1 | . . . . . . 1 . . . . . . . Retrieve Study 1 | . . . . . . 1 . . . . . . . Garrison Access Hacks . | . . . . . . . . . . . . . . Unauthorized Hacks 2 | . . . . . . . . . . 1 1 . . Terminals 2 | . . . . . . . . . . 1 1 . . Botnet 2 | . . . . . . . . . . 1 1 . . Fabricators . | . . . . . . . . . . . . . . Repair Stations . | . . . . . . . . . . . . . . Recycling Units . | . . . . . . . . . . . . . . Scanalyzers . | . . . . . . . . . . . . . . Garrison Access . | . . . . . . . . . . . . . . Data Cores Recovered . | . . . . . . . . . . . . . . Used . | . . . . . . . . . . . . . . Hacking Detections 14 | . . . . . 2 2 . . 1 3 4 1 1 Full Trace Events 1 | . . . . . . . . . . 1 . . . Feedback Events . | . . . . . . . . . . . . . . Feedback Blocked . | . . . . . . . . . . . . . . Robot Schematics Acquired . | . . . . . . . . . . . . . . Robots Built . | . . . . . . . . . . . . . . Authchips . | . . . . . . . . . . . . . . Time . | . . . . . . . . . . . . . . Total Robot Build Rating . | . . . . . . . . . . . . . . Part Schematics Acquired . | . . . . . . . . . . . . . . Parts Built . | . . . . . . . . . . . . . . Authchips . | . . . . . . . . . . . . . . Time . | . . . . . . . . . . . . . . Total Part Build Rating . | . . . . . . . . . . . . . . Part Studies Acquired 1 | . . . . . . 1 . . . . . . . Parts Repaired . | . . . . . . . . . . . . . . Time . | . . . . . . . . . . . . . . Parts Recycled . | . . . . . . . . . . . . . . Recycled Matter . | . . . . . . . . . . . . . . Retrieved Matter . | . . . . . . . . . . . . . . Retrieved Components . | . . . . . . . . . . . . . . Parts Scanalyzed . | . . . . . . . . . . . . . . Part Schematics Acquired . | . . . . . . . . . . . . . . Parts Damaged . | . . . . . . . . . . . . . . Bothacking | -11 -10 -10 -10 -9 -8 -7 -7 -7 -6 -5 -4 -4 -3 ------------ Run | Yrd Mat Min Exi Min Mat Fac Low Low Fac Fac Fac Ext Res Used RIF Installer . | . . . . . . . . . . . . . . Robots Hacked . | . . . . . . . . . . . . . . Non-combat . | . . . . . . . . . . . . . . Combat . | . . . . . . . . . . . . . . Robot Hacks Applied . | . . . . . . . . . . . . . . Relay Couplers Released . | . . . . . . . . . . . . . . Fabnet Peak Effective % . | . . . . . . . . . . . . . . Robots Rewired . | . . . . . . . . . . . . . . Allies Hacked . | . . . . . . . . . . . . . . Hacks Repelled . | . . . . . . . . . . . . . . Allies | -11 -10 -10 -10 -9 -8 -7 -7 -7 -6 -5 -4 -4 -3 -------- Run | Yrd Mat Min Exi Min Mat Fac Low Low Fac Fac Fac Ext Res Total Allies 3 | . . . . . . . . . . . . 3 . Largest Group 2 | . . . . . . . . . . . . 2 . Highest-Rated Group 92 | . . . . . . . . . . . . 92 . Highest-Rated Ally 46 | . . . . . . . . . . . . 46 . Total Orders . | . . . . . . . . . . . . . . Ally Attacks 12 | . . . . . . . . . . . . 12 . Total Damage 286 | . . . . . . . . . . . . 286 . Kills 1 | . . . . . . . . . . . . 1 . Allies Corrupted . | . . . . . . . . . . . . . . Allies Melted . | . . . . . . . . . . . . . . Intel | -11 -10 -10 -10 -9 -8 -7 -7 -7 -6 -5 -4 -4 -3 ------- Run | Yrd Mat Min Exi Min Mat Fac Low Low Fac Fac Fac Ext Res Active Infowar (turns) 5719 | . 1156 162 798 266 196 484 548 635 717 596 161 . . Structural 5719 | . 1156 162 798 266 196 484 548 635 717 596 161 . . Robot Analysis Total . | . . . . . . . . . . . . . . Derelict Logs Recovered 5 | . . . . 1 . . 2 2 . . . . . Drone Launches . | . . . . . . . . . . . . . . Drone Recoveries . | . . . . . . . . . . . . . . Exploration | -11 -10 -10 -10 -9 -8 -7 -7 -7 -6 -5 -4 -4 -3 ------------- Run | Yrd Mat Min Exi Min Mat Fac Low Low Fac Fac Fac Ext Res Turns Passed 10242 | 89 1417 162 798 266 1017 533 548 712 717 1276 874 1068 765 Spaces Moved 5421 | 37 562 71 419 58 475 291 371 442 307 623 555 642 568 Core 365 | 1 . . . . . . . . . 212 36 68 48 Treads 2017 | . . . . . 239 291 371 442 307 274 . 93 . Legs 2331 | 36 562 71 419 58 236 . . . . 99 . 481 369 Wheels 479 | . . . . . . . . . . . 479 . . Hover 78 | . . . . . . . . . . 38 40 . . Flight 151 | . . . . . . . . . . . . . 151 Fastest Speed 34 | 50 120 190 190 190 122 145 145 145 145 50 50 50 34 Average Speed 142 | 118 186 190 190 190 166 145 145 145 146 123 105 129 97 Slowest Speed 400 | 120 190 190 190 190 270 145 145 145 148 272 250 400 190 Overloaded Moves . | . . . . . . . . . . . . . . Propulsion Burnouts . | . . . . . . . . . . . . . . Robots Hopped 1 | . . . . . . . . . . . . . 1 Potential Cave-ins . | . . . . . . . . . . . . . . Cave-ins Triggered . | . . . . . . . . . . . . . . Exploration Rate (%) 35 | 4 87 20 88 20 46 13 59 50 11 18 14 51 13 Regions Visited 13 Branch Regions 6 Pre-discovered Areas 1 | . . . . 1 . . . . . . . . . Known Exits Taken 5 | . . . . . . 1 . 1 1 1 1 . . Unknown Exits Taken 8 | 1 1 1 1 1 1 . 1 . . . . 1 . Scrap Searched 3 | . . . . . . . 2 1 . . . . . Spaces Dug 19 | . . . . . . 4 . . 1 7 3 . 4 Terrain Destroyed 99 | . . . . 2 3 4 . 10 1 22 11 42 4 Melee 12 | . . . . . . 4 . . 1 3 . . 4 Projectile 38 | . . . . 2 3 . . . . 14 11 8 . AOE 49 | . . . . . . . . 10 . 5 . 34 . Terrain Rammed . | . . . . . . . . . . . . . . Walls Destroyed . | . . . . . . . . . . . . . . Machines Disabled . | . . . . . . . . . . . . . . Actions | -11 -10 -10 -10 -9 -8 -7 -7 -7 -6 -5 -4 -4 -3 --------- Run | Yrd Mat Min Exi Min Mat Fac Low Low Fac Fac Fac Ext Res Total 7384 | 56 798 89 424 205 622 367 377 479 563 1086 801 778 739 Wait 1288 | . 112 9 . 141 48 33 . 7 226 398 188 39 87 Move 5408 | 36 561 70 418 57 474 290 370 442 306 623 554 641 566 Hop 1 | . . . . . . . . . . . . . 1 Pick Up 68 | 1 12 1 2 . 14 8 1 1 5 11 1 1 10 Fast Attach 90 | 6 6 . . . 10 2 1 2 1 9 16 29 8 Attach 33 | . 1 . . . 8 2 . 1 5 10 . . 6 Detach 9 | . 1 . . . 1 . . . 1 . 2 . 4 Swap 59 | . 10 2 1 1 7 7 . 8 6 4 6 3 4 Drop 78 | . 11 2 3 . 12 7 2 1 4 7 10 11 8 Fire 302 | 13 84 5 . 6 48 13 . 16 8 19 22 42 26 Melee 36 | . . . . . . 5 3 1 1 4 . 4 18 Ram 4 | . . . . . . . . . . . 2 1 1 Kick . | . . . . . . . . . . . . . . Crush 7 | . . . . . . . . . . 1 . 6 . Escape Stasis 1 | . . . . . . . . . . . . 1 . Rewire . | . . . . . . . . . . . . . . Trap . | . . . . . . . . . . . . . . Miscellaneous . | . . . . . . . . . . . . . . Route ------- -11/Scrapyard -10/Materials (discovered 3 exits: [*Mat x2] / [*Min]) -10/Mines -10/Exiles -9/Mines -8/Materials -7/Factory (discovered 4 exits: Sto x2 / *Low x2) -7/Lower Caves -7/Lower Caves -6/Factory -5/Factory -4/Factory -4/Extension -3/Research History --------- Turn | Location | Event 6 | -11/Scrapyard | Discovered new exit (range 15) 90 | -11/Scrapyard | Entered Materials 318 | -10/Materials | Build established: Mutant 567 | -10/Materials | Discovered new exit (range 8) 1191 | -10/Materials | Discovered new exit (range 14) 1281 | -10/Materials | Build established: Scavenger-Mutant 1468 | -10/Materials | Discovered new exit (range 15) 1507 | -10/Materials | Entered Mines 1588 | -10/Mines | A weapon hastily lodged in a ceiling crevice suddenly fell to the ground 1630 | -10/Mines | Assembled infested the area 1661 | -10/Mines | Deemed a non-threat by the Exiles lab entrance 1661 | -10/Mines | Discovered new exit (range 5) 1669 | -10/Mines | Entered Exiles 1697 | -10/Exiles | Build established: Mutant 1719 | -10/Exiles | Met 8R-AWN 1749 | -10/Exiles | Met EX-HEX 1802 | -10/Exiles | Met EX-BIN 1831 | -10/Exiles | Aligned with FarCom system 1833 | -10/Exiles | Given EX-Vault access code 1877 | -10/Exiles | Opened EX-Vault 1892 | -10/Exiles | Found Superbattery 1931 | -10/Exiles | Warned to stay clear of 0b10 Research branches 1983 | -10/Exiles | Met EX-DEC 2160 | -10/Exiles | Visited The Gauntlet 2452 | -10/Exiles | Discovered new exit (range 10) 2467 | -10/Exiles | Left Exiles lab with Superbattery 2467 | -10/Exiles | Entered Mines 2529 | -9/Mines | Met a Derelict bent on vengeance 2630 | -9/Mines | Core integrity fell below 50% 2718 | -9/Mines | Learned location of Zion (-7) 2724 | -9/Mines | Discovered new exit (range 6) 2733 | -9/Mines | Entered Materials 2733 | -8/Materials | Evolved 4 slots: Power x1, Propulsion x2, Utility x1 3024 | -8/Materials | Lost 7 parts (1p4n1u1w) 3744 | -8/Materials | Discovered new exit (range 5) 3750 | -8/Materials | Entered Factory 3750 | -7/Factory | Evolved 2 slots: Propulsion x1, Utility x1 4004 | -7/Factory | Central database locked down 4040 | -7/Factory | Identified exit to Storage 4040 | -7/Factory | Identified exit to Lower Caves 4283 | -7/Factory | Entered Lower Caves 4676 | -7/Lower Caves | Learned Factory terminal intel 4817 | -7/Lower Caves | Discovered new exit (range 11) 4831 | -7/Lower Caves | Entered another Lower Caves area 4939 | -7/Lower Caves | Identified exit to Factory 5413 | -7/Lower Caves | Learned 8 Factory zone layouts 5431 | -7/Lower Caves | Attracted the attention of an 0b10 outpost 5497 | -7/Lower Caves | Lost 3 parts (2u1w) 5543 | -7/Lower Caves | Entered Factory 5543 | -6/Factory | Evolved 2 slots: Utility x1, Weapon x1 5544 | -6/Factory | Identified exit to Factory 5545 | -6/Factory | Loaded intel: 26 terminal locations 5858 | -6/Factory | Build established: Tank 6260 | -6/Factory | Entered another Factory area 6260 | -5/Factory | Evolved 2 slots: Utility x1, Weapon x1 6986 | -5/Factory | Garrison activated, responded to threat 7037 | -5/Factory | Released all parts (9) 7060 | -5/Factory | Lost 11 parts (1p4n3u3w) 7221 | -5/Factory | Cargo convoy interrupted 7314 | -5/Factory | Discovered new exit (range 15) 7388 | -5/Factory | Build established: Mutant 7533 | -5/Factory | Identified exit to Factory 7536 | -5/Factory | Entered another Factory area 7536 | -4/Factory | Evolved 2 slots: Propulsion x1, Utility x1 7537 | -4/Factory | Identified exit to Extension 7719 | -4/Factory | Found Quantum Capacitor 7815 | -4/Factory | Build established: Hacker-Skirmisher 8310 | -4/Factory | Lost 3 parts (1p1n1w) 8399 | -4/Factory | Core integrity fell below 50% 8410 | -4/Factory | Entered Extension 8423 | -4/Extension | Lost 13 parts (2p5n4u2w) 8610 | -4/Extension | Rescued a captive Derelict 8612 | -4/Extension | Rescued a captive Derelict 8676 | -4/Extension | Build established: Mutant 8731 | -4/Extension | Core integrity fell below 20% 8734 | -4/Extension | Energy Cycler disabled 8735 | -4/Extension | Rescued a captive Derelict 8735 | -4/Extension | Rescued a captive Derelict 8735 | -4/Extension | Rescued a captive Derelict 8736 | -4/Extension | Rescued a captive Derelict 8736 | -4/Extension | Rescued a captive Derelict 8740 | -4/Extension | Rescued a captive Derelict 9043 | -4/Extension | Build established: Scavenger-Tank 9459 | -4/Extension | Spotted B-86 Titan 9464 | -4/Extension | Spotted B-86 Titan 9466 | -4/Extension | Discovered new exit (range 13) 9478 | -4/Extension | Entered Research 9478 | -3/Research | Evolved 2 slots: Power x1, Utility x1 9499 | -3/Research | Lost 4 parts (1u3w) 9790 | -3/Research | Build established: Scavenger-Mutant 10117 | -3/Research | System corruption reached 10% 10171 | -3/Research | Lost 11 parts (2p4n3u2w) 10207 | -3/Research | Core integrity fell below 50% 10240 | -3/Research | Core integrity fell below 20% 10243 | -3/Research | Destroyed by H-71 Marshal with Heavy Mass Driver Last Messages --------------- 10196_ Impulse Thruster destroyed. 10198_ ALERT: Cargo convoy en route, clear transfer corridor. 10205_ Penetrated by Slug. 10205_ Slug penetrates Wall. 10208_ Penetrated by Slug. 10208_ Slug penetrates Wall. 10211_ System corrupted: Matter fused (-9). 10216_ Lgt. Antimatter Reactor destroyed. 10217_ Xenon Bombardment Thruster destroyed. 10219_ Field Propulsion Array destroyed. 10221_ S-43 Plague IFF system glitched. 10224_ P-80 Master resets S-43 Plague, system corruption cleaned. 10225_ Adv. System Shield destroyed. 10232_ System corrupted: Energy discharge (-34). 10234_ Acquired 7 matter. 10237_ Slug penetrates Wall. 10241_ Knocked back. 10243_ Penetrated by Slug. Map ----- +----------------------------------------------------+ | #??# #?????????????????????????????????? | | #??##+###+######?????????????????????????????????? | | #???# #?????????????????????????????????????? | | #???# #?????????????????????????????????????? | | #???# #?????????????????????????????????????? | | ##### #?????????????????????????????????????? | | # #?????????????????????????????????????? | | # ^ #?????????????????????????????????????? | | # #?????????????????????????????????????? | | # #?????????????????????????????????????? | | # ###########????????????????????????????????? | | # #??# #????????????????????????????????? | | # #??# #????????????????????????????????? | | # #### #????????????????????????????????? | | / #????????????????????????????????? | | ######## #????????????????????????????????? | | #??????# #????????????????????????????????? | | ????#####+###??#######???????????????????????? | | ???# #??? #?????#?????????????????? | | #??# #??? #???? #?????????????????? | | """#??# #???? #??? #?????????????????? | | Y"#??# #???? #?? #?????????????????? | | """#??# #????? ??# ###???????????????? | | ????# #????? ? #####???????????? | | ????# p#######+## ????????? | | #### s @ ! ????????? | | % % H ????????? | | R s s R w ????????? | | ##+;;;#### ?????????? | | #####/#### #? #######?????????? | | ??# # #?###+####???????????????? | | ???# # #????????????????????????? | | "" ???# # #????????????????????????? | | ?" ????# # #????????????????????????? | | ?? ?????# # #????????????????????????? | | ??????????# # #????????????????????????? | | ??????????######## #????????????????????????? | | ?????????????????# #????????????????????????? | | ?????????????????# #????????????????????????? | | ?????????????????# #????????????????????????? | | ?????????????????# = #????????????????????????? | | ?????????????????# #????????????????????????? | | ?????????????????########????????????????????????? | | ?????????????????????????????????????????????????? | | ?????????????????????????????????????????????????? | | ?????????????????????????????????????????????????? | | ?????????????????????????????????????????????????? | | ?????????????????????????????????????????????????? | | ?????????????????????????????????????????????????? | | ?????????????????????????????????????????????????? | +----------------------------------------------------+ Best States ------------- Heat Dissipation 115 Energy Generation 44 Energy Capacity 1865 Matter Stores 300 Matter Capacity 300 Sight Range 16 Terrain Scan Density 10 Armor Coverage 675 Resistance: KI 30 Propulsion Shielding 66 Weapon Cycling 20 Evasion (%) 62 Targeting Accuracy 8 Recoil Reduction 5 Particle Charging 15 Salvage Targeting 3 Offensive Hacking 10 Defensive Hacking 28 Item Schematics ----------------- None Robot Schematics ------------------ None Fabricated ------------ Nothing Repaired ---------- Nothing Studied --------- Adv. Treads | -7/Factory | Hacked Alien Tech Used ----------------- None Achievements -------------- None Challenges ------------ None Game ------ Seed ReflectiveAnalysisSabre Manual? 0 Play Time 01:31:08 Cumulative 233.0 hours Start 2026.07.24 @ 08:59:49 End 2026.07.24 @ 14:16:44 Sessions 7 Manual Loads 0 Difficulty Rogue Special Mode None Game No. 312 Rogue 312 Adventurer 0 Explorer 0 Win Type - Total 3 Types 2/0/0/1/0/0/0/0/0/0 Lore% 77 Gallery% 64 Achievement% 52 Wizard Run 0 Options --------- Layout 2 ASCII 0 Keyboard 0 Movement Mouse Keybinds 0 Fullscreen 1 Font 24/Smallcaps Map View 50x44 Zoom Use 0% Tactical HUD 1 Map Filters NONE Filters NONE Steam 1 RUN: f847ebfe-6b32-4cc7-9eef-6147f2de7905